 Dungeon Crawl Stone Soup version 0.30.1-11-g7821555f0a (webtiles) character file.

Game seed: 6394202863249402288

1105 lonewolfV2 the Trooper (level 8, -8/67 HPs)
             Began as a Formicid Fighter on Nov 15, 2023.
             Killed by divine providence
             ... invoked by an orc priest
              (11 damage)
             ... on level 5 of the Dungeon.
             The game lasted 00:06:54 (4041 turns).

lonewolfV2 the Trooper (Formicid Fighter)           Turns: 4041, Time: 00:06:55

Health: -8/67      AC: 12    Str: 21    XL:     8   Next: 58%
Magic:  8/8        EV:  7    Int:  8    God:
Gold:   341        SH:  5    Dex: 15    Spells: 7/7 levels left

rFire   + . .        a - +0 war axe
rCold   + . .        c - +0 buckler
rNeg    . . .        l - +0 chain mail
rPois   +            (helmet unavailable)
rElec   +            g - +2 cloak
rCorr   +            (no gloves)
SInv    +            (no boots)
Will    .....        (no amulet) Stlth
                     (no ring)
HPRegen 0.31/turn    (no ring)
MPRegen 0.11/turn

%: no passive effects
@: brilliant, resistant
A: permanent stasis, dig shafts and tunnels, antennae 3, four strong arms
a: Dig, Shaft Self


You were on level 5 of the Dungeon.
You visited 1 branch of the dungeon, and saw 5 of its levels.
You also visited: Sewer.

You collected 341 gold pieces.

Inventory:

Hand Weapons
 a - a +0 war axe (weapon)
Armour
 c - a +0 buckler (worn)
 g - a +2 cloak (worn)
 l - a +0 chain mail (worn)
Jewellery
 m - a ring of poison resistance
Wands
 f - a wand of iceblast (7)
 k - a wand of light (4)
Scrolls
 i - 2 scrolls of fog
 o - 2 scrolls of enchant armour
 t - a scroll of amnesia
Potions
 b - 3 potions of berserk rage
 d - 3 potions of might
 h - a potion of invisibility
 j - 3 potions of mutation
 n - 4 potions of flight
 p - 2 potions of cancellation
 q - 2 potions of degeneration


   Skills:
 + Level 7.6 Fighting
 + Level 7.5 Axes
 - Level 3.2 Armour
 - Level 4.0 Shields


You had 7 spell levels left.
You didn't know any spells.
Your spell library contained the following spells:

 Spells                   Type           Power      Damage    Failure   Level
 Freeze                   Ice            0%         1d3       98%         1
 Frozen Ramparts          Ice            0%         1d1       100%        3
 Hailstorm                Conj/Ice       0%         3d3       100%        3
 Stone Arrow              Conj/Erth      0%         3d7       100%        3
 Animate Armour           Summ/Erth      0%         N/A       100%        4
 Lehudib's Crystal Spear  Conj/Erth      0%         10d2      100%        8


Dungeon Overview and Level Annotations

Branches:
Dungeon (5/15)              Sewer (visited)
 Temple: D:4-7

Altars:
Dithmenos
Fedhas
Uskayaw

Shops:
D:3 *   D:4 *


Innate Abilities, Weirdness & Mutations

You cannot be hasted, slowed, berserked, paralysed or teleported.
You can dig through walls and to a lower floor.
You have a pair of large antennae on your head. (SInv)
Your four strong arms can wield two-handed weapons with a shield.


Message History

An orc priest comes into view. It is wielding a +0 hand axe.
The orc priest shouts!
Things that are here:
a +0 dagger; a +0 robe You barely miss the orc wizard.
The orc priest mumbles some strange prayers to Beogh against you.
You struggle to resist.
You block the orc wizard's attack.
The orc wizard hits you but does no damage.
You hit the orc wizard.
The orc wizard is heavily wounded.
You hit the orc priest but do no damage.
The orc priest calls upon Beogh to heal the orc wizard.
The orc wizard is healed somewhat.
The orc wizard barely misses you.
You hit the orc wizard but do no damage.
The orc wizard is lightly wounded.
You completely miss the orc priest.
The orc priest mumbles some strange prayers to Beogh against you.
Beogh smites you!
* * * LOW HITPOINT WARNING * * *
The orc wizard hits you with a +0 dagger.
* * * LOW HITPOINT WARNING * * *
You hit the orc wizard but do no damage.
The orc wizard is lightly wounded.
You hit the orc priest.
The orc priest hits you with a +0 hand axe.
* * * LOW HITPOINT WARNING * * *
The orc wizard hits you but does no damage.
It was a potion of brilliance.
You feel clever all of a sudden. You block the orc priest's attack.
The orc wizard hits you but does no damage.
It was a potion of haste.
Your stasis prevents you from being hasted.
You block the orc priest's attack.
The orc wizard hits you but does no damage.
It was a potion of resistance.
You feel protected.
The orc priest calls down the wrath of Beogh upon you.
Beogh smites you!
You die...

#........##...#...##.
#........†........##.
####..###.....###.###..
#...).####......### #..
#####.....# #......##
#.. ##...##....#
##†.....# #..
#.....##...# #..##.##
... .......#)..##
#...### ..._..)...@.#
#....#
......)##.oo......##
#.....# #..#..#...#
##...# >.##..##... ####
...# #.# #... ##..# .#
..?. #... . #... #.


You could see an orc priest and an orc wizard.

Vanquished Creatures
  Eustachio (D:5)
  A black bear (D:4)
  A phantom (D:5)
  A scorpion (D:5)
  A howler monkey (D:4)
  5 hounds
  2 orc priests (D:5)
  Jessica (D:2)
  3 iguanas
  An orc wizard (D:5)
  A malarious merfolk avatar (Sewer)
  A sickly merfolk siren (Sewer)
  Robin (D:2)
  10 gnolls
  8 adders
  2 river rats
  2 worms
  3 dart slugs
  7 orcs
  14 ball pythons
  An endoplasm (D:2)
  8 giant cockroaches
  12 goblins
  6 hobgoblins
  9 kobolds
  6 quokkas
  8 bats
  12 frilled lizards
  25 rats
153 creatures vanquished.

Notes
Turn   | Place    | Note
-------+----------+-------------------------------------------
     0 | D:1      | lonewolfV2 the Formicid Fighter began the quest for the
                  | Orb.
     0 | D:1      | Reached XP level 1. HP: 18/18 MP: 1/1
    65 | D:1      | Reached XP level 2. HP: 24/24 MP: 2/2
   264 | D:1      | Reached XP level 3. HP: 30/30 MP: 3/3
   881 | D:2      | Reached XP level 4. HP: 37/37 MP: 4/4
  1037 | D:2      | Noticed Jessica
  1050 | D:2      | Killed Jessica
  1142 | D:2      | Noticed Robin
  1160 | D:2      | Reached XP level 5. HP: 12/41 MP: 5/5
  1162 | D:2      | Killed Robin
  1972 | D:3      | Found a glowing drain.
  2038 | Sewer    | Entered a sewer
  2149 | Sewer    | Reached XP level 6. HP: 49/50 MP: 6/6
  2196 | Sewer    | Reached skill level 5 in Fighting
  2314 | Sewer    | Reached skill level 5 in Axes
  2660 | D:3      | Found Okil's Assorted Antiques.
  2846 | D:4      | Reached XP level 7. HP: 28/57 MP: 7/7
  2970 | D:4      | Found Myriagh's CLEARANCE SALE!.
  3400 | D:4      | Found a shadowy altar of Dithmenos.
  3415 | D:4      | Found a blossoming altar of Fedhas.
  3619 | D:5      | Entered Level 5 of the Dungeon
  3693 | D:5      | Reached XP level 8. HP: 59/65 MP: 8/8
  3996 | D:5      | Found a hide-covered altar of Uskayaw.
  3996 | D:5      | Noticed Eustachio
  4011 | D:5      | Killed Eustachio
  4038 | D:5      | HP: 2/67 [orc priest/+0 hand axe (4)]
  4041 | D:5      | Killed from afar by an orc priest

Illustrated notes

Levels and vault maps discovered:
D:1:      minmay_arrival_jagged, layout_rooms, minmay_tetromino_s2
D:2:      layout_basic, uniq_jessica, uniq_robin
D:3:      layout_loops_cross, serial_shops, shop, portal_sewer_entry_b,
          dk_vineyard_3, dk_noncrumbling_4, minmay_fountain_box
D:4:      layout_rooms, mainiacjoe_overflow_large_starburst,
          ebering_dispersal_statue_hall, nicolae_shop_clearance
D:5:      layout_cave_pools, lemuel_round_altar, uniq_grinder, uniq_eustachio

Skill      XL: |  1  2  3  4  5  6  7  8 |
---------------+-------------------------+-----
Axes           | 3 4 5 6 7 |  7.5
Fighting       | 4 5 6 7 |  7.6
Armour         | |  3.2
Shields        | |  4.0

Action                     |  1- 3 |  4- 6 |  7- 9 || total
---------------------------+-------+-------+-------++-------
  Melee: War axe           |    78 |   232 |   115 ||   425
Ability: Dig               |     1 |       |       ||     1
  Evoke: Wand              |       |     1 |     1 ||     2
    Use: Scroll            |     4 |     6 |     4 ||    14
         Potion            |       |     1 |     5 ||     6
 Armour: Scale mail        |    23 |       |       ||    23
         Chain mail        |    28 |   165 |    88 ||   281
  Dodge: Dodged            |    37 |    79 |    68 ||   184
  Block: Buckler           |    25 |    67 |    34 ||   126
